 Dungeon Crawl Stone Soup version 0.30.1-4-g462c640d31 (webtiles) character file.

Game seed: 18283415710758048993

210 Infernotoast the Chopper (level 5, -7/48 HPs)
             Began as a Minotaur Berserker on July 12, 2023.
             Was a Believer of Trog.
             Killed from afar by Ijyb (15 damage)
             ... with a puff of flame
             ... on level 3 of the Dungeon on Aug 14, 2023.
             The game lasted 00:15:40 (1601 turns).

Infernotoast the Chopper (Minotaur Berserker)       Turns: 1601, Time: 00:15:40

Health: -7/48      AC: 11    Str: 23    XL:     5   Next: 57%
Magic:  4/4        EV:  9    Int:  4    God:    Trog [**....]
Gold:   122        SH:  0    Dex: 10    Spells: 4/4 levels left

rFire   x . .        a - +0 hand axe
rCold   + . .        (no shield)
rNeg    . . .        e - +2 chain mail
rPois   .            (helmet restricted)
rElec   .            (no cloak)
rCorr   .            (no gloves)
SInv    .            (no boots)
Will    .....        (no amulet) Stlth
                     c - ring of ice
HPRegen 0.28/turn    (no ring)
MPRegen 0.09/turn

%: no passive effects
@: no status effects
A: horns 2, retaliatory headbutt
a: Renounce Religion, Berserk, Trog's Hand


You were on level 3 of the Dungeon.
You worshipped Trog.
Trog was pleased with you.
You visited 1 branch of the dungeon, and saw 4 of its levels.

You collected 122 gold pieces.

Inventory:

Hand Weapons
 a - a +0 hand axe (weapon)
 o - a +0 hammer
 p - a +3 quarterstaff of chaos
Missiles
 b - 17 stones (quivered)
Armour
 e - a +2 chain mail (worn)
Jewellery
 c - a ring of ice (left hand)
Scrolls
 d - 2 scrolls of noise
 i - 3 scrolls of fear
Potions
 f - a potion of resistance {unknown}
 k - a potion of mutation
 l - a potion of brilliance {unknown}
 m - a potion of cancellation
 n - a potion of flight {unknown}


   Skills:
 + Level 5.0 Fighting
 + Level 5.7 Axes
 + Level 3.6 Armour
 + Level 3.1 Dodging


You had 4 spell levels left.
You didn't know any spells.
Your spell library was empty.

Dungeon Overview and Level Annotations

Branches:
Dungeon (4/15)
 Temple: D:4-7

Altars:
Dithmenos

Shops:
D:1 (

Annotations:
D:3 Ijyb


Innate Abilities, Weirdness & Mutations

You have a pair of horns on your head.
You reflexively headbutt those who attack you in melee.


Message History

Things that are here:
a +0 dagger; a +0 robe
Okay, then.
There is a stone staircase leading up here.
You climb upwards.
Found a whip and 8 gold pieces.
There is a stone staircase leading down here.
Ijyb the Twisted Goblin comes into view.
She is wielding a +0 club and carrying a wand of flame (26).
You see here 8 gold pieces.
You now have 122 gold pieces (gained 8).
Ijyb screams, "Me very upset!"
Ijyb zaps a wand.
The puff of flame hits you. The fire burns you terribly!
You closely miss Ijyb. Your headbutt misses Ijyb. Ijyb hits you with a +0 club.
You miss Ijyb. You headbutt Ijyb.
Ijyb is lightly wounded.
Ijyb hits you with a +0 club.
You slash Ijyb! Your headbutt misses Ijyb.
Ijyb is heavily wounded.
Ijyb zaps a wand.
The puff of flame hits you. The fire burns you terribly!
You hit Ijyb but do no damage.
Ijyb is heavily wounded.
Ijyb zaps a wand.
The puff of flame hits you. The fire burns you terribly!
You hit Ijyb. You headbutt Ijyb, but do no damage.
Ijyb is heavily wounded.
Ijyb drinks a potion.
Ijyb seems to grow stronger.
You hit Ijyb but do no damage.
Ijyb is heavily wounded.
Ijyb zaps a wand.
The puff of flame hits you.
You miss Ijyb.
Ijyb is heavily wounded.
Ijyb zaps a wand.
The puff of flame hits you! The fire burns you terribly!
* * * LOW HITPOINT WARNING * * *
You closely miss Ijyb.
Ijyb is heavily wounded.
Ijyb hits you with a +0 club.
* * * LOW HITPOINT WARNING * * *
You closely miss Ijyb. Your headbutt misses Ijyb.
Ijyb is heavily wounded.
Ijyb zaps a wand.
The puff of flame hits you! The fire burns you terribly!
You die...

#....# #. .....## #.#
......# ##.#####
......## #......#
...#...# #......#
..##.†.## #......#
.####...# #......#
##..#...## #......#
#...##...# #.@.>..#
.)#..#...## #..g)..#
..##.##...##.....#####
#..#..#...##.##..#
##.##.##...#.##..#
.#..#..'...#.##..#
#########.##.##...
...........##..8
#####.....##


You could see Ijyb (strong).

Vanquished Creatures
  A hound (D:3)
  Crazy Yiuf (D:3)
  An orc wizard (D:4)
  3 adders
  3 gnolls (D:2)
  2 worms (D:3)
  2 dart slugs
  6 orcs
  5 ball pythons (D:2)
  7 bats
  5 endoplasms
  2 giant cockroaches
  3 goblins
  5 hobgoblins
  2 jackals (D:1)
  3 kobolds
  3 frilled lizards
  5 rats
59 creatures vanquished.

Notes
Turn   | Place    | Note
-------+----------+-------------------------------------------
     0 | D:1      | Infernotoast the Minotaur Berserker began the quest for the
                  | Orb.
     0 | D:1      | Reached XP level 1. HP: 19/19 MP: 0/0
    57 | D:1      | Found Givvynidoiwn's Weapon Emporium.
   168 | D:1      | Upgraded the game from 0.30.1 to 0.30.1-4-g462c640d31
   403 | D:1      | Reached XP level 2. HP: 26/27 MP: 1/1
   411 | D:1      | Found a faded altar of an unknown god.
   676 | D:2      | Found a shadowy altar of Dithmenos.
   692 | D:2      | Reached XP level 3. HP: 33/33 MP: 2/2
   743 | D:2      | Reached ** piety under Trog
   783 | D:2      | Reached XP level 4. HP: 41/41 MP: 3/3
  1160 | D:3      | Reached skill level 5 in Axes
  1197 | D:3      | Reached XP level 5. HP: 45/47 MP: 4/4
  1270 | D:3      | Found a runed translucent door.
  1271 | D:3      | Noticed Crazy Yiuf
  1277 | D:3      | Killed Crazy Yiuf
  1430 | D:4      | Reached skill level 5 in Fighting
  1588 | D:3      | Noticed Ijyb
  1601 | D:3      | Killed from afar by Ijyb

Illustrated notes

Levels and vault maps discovered:
D:1:      lightli_arrival_boilingwater, layout_basic, serial_shops,
          nicolae_shop_bloodbath_and_beyond,
          hellmonk_ecumenical_altar_heavens_door
D:2:      layout_basic, basic_altar, minmay_misc_feat_doors,
          chequers_serial_rivers_marsh
D:3:      minmay_razor_zed, layout_rooms, hangedman_feature_mirror,
          moated_statue, uniq_crazy_yiuf_cottage, uniq_ijyb
D:4:      layout_gridville

Skill      XL: |  1  2  3  4  5 |
---------------+----------------+-----
Axes           | 4 5 |  5.7
Fighting       | 4 5 |  5.0
Armour         | 3 |  3.6
Dodging        | 3 |  3.1

Action                     |  1- 3 |  4- 6 || total
---------------------------+-------+-------++-------
  Melee: Hand axe          |    67 |    94 ||   161
         Headbutt          |    10 |    11 ||    21
         Punch             |     1 |       ||     1
    Use: Scroll            |     2 |     6 ||     8
 Armour: Animal skin       |     5 |       ||     5
         Chain mail        |    29 |    61 ||    90
  Dodge: Dodged            |    29 |    52 ||    81
